 Dungeon Crawl Stone Soup version 0.24.0-1-gfbc8707 (webtiles) character file.

Game seed: 5834972121445686739, levelgen mode: deterministic

40030 TheGoonsmith the Slicer (level 14, -4/77 HPs)
             Began as a Vine Stalker Berserker on Nov 4, 2019.
             Was a High Priest of Trog.
             Drowned by a drowned soul (8 damage)
             ... summoned by a merfolk avatar
             ... on level 6 of the Lair of Beasts on Nov 7, 2019.
             The game lasted 00:33:15 (14010 turns).

TheGoonsmith the Slicer (Vine Stalker Berserker)   Turns: 14010, Time: 00:33:16

Health: -4/77      AC: 31    Str: 22    XL:     14   Next: 9%
Magic:  0/18       EV: 12    Int:  7    God:    Trog [*****.]
Gold:   1247       SH:  5    Dex: 17    Spells: 13/13 levels left

rFire    . . .     SeeInvis .   F - +2 short sword (venom)
rCold    . . .     Gourm    .   h - +0 buckler {AC+3}
rNeg     . . .     Faith    .   P - +0 crystal plate armour
rPois    .         Spirit   +   D - +1 helmet
rElec    .         Reflect  .   L - +0 cloak
rCorr    .         Harm     .   a - +2 pair of gloves
MR       +++..                  (no boots)
Stlth    ..........             (no amulet)
HPRegen  2.02/turn              i - +1 ring of protection
MPRegen  0.16/turn              v - +4 ring of evasion

@: mesmerised, regenerating, hasted, slow
A: fangs 3, regeneration 2, magic shield, antimagic bite, no potion heal 3, rot
immunity
a: Berserk, Trog's Hand, Brothers in Arms, Renounce Religion


You were on level 6 of the Lair of Beasts.
You worshipped Trog.
Trog was extremely pleased with you.
You were not hungry.

You visited 2 branches of the dungeon, and saw 16 of its levels.
You also visited: Sewer and Ossuary.

You collected 1247 gold pieces.

Inventory:

Hand Weapons
 g - a +6 quick blade
 F - a +2 short sword of venom (weapon)
 I - a +4 rapier
 Q - a +6 antimagic dagger
Armour
 a - a +2 pair of gloves (worn)
 b - a +0 animal skin
 f - a +1 buckler
 h - a +0 buckler of protection (worn)
 l - a +0 scale mail
 s - a +0 chain mail
 D - a +1 helmet (worn)
 L - a +0 cloak (worn)
 P - a +0 crystal plate armour (worn)
Jewellery
 e - an uncursed ring of resist corrosion
 i - a +1 ring of protection (left hand)
 v - a +4 ring of evasion (right hand)
 O - a +6 ring of intelligence {unknown}
Wands
 E - a wand of scattershot (14)
 G - a wand of flame (42)
 H - a wand of acid (1)
 J - a wand of disintegration (21)
 M - a wand of paralysis (19)
Scrolls
 k - a scroll of fear
 m - 8 scrolls of teleportation
 o - 7 scrolls of remove curse
 p - 2 scrolls of fog
 r - 4 scrolls of identify
 u - 4 scrolls of enchant weapon
 C - 3 scrolls of magic mapping
 N - 2 scrolls of blinking
Potions
 d - 6 potions of curing
 j - a potion of might
 n - 4 potions of lignification
 q - 5 potions of flight
 t - 5 potions of brilliance
 w - 13 potions of haste
 x - 3 potions of resistance
 z - 2 potions of ambrosia
 A - 3 potions of mutation
 B - a potion of magic {unknown}
 K - a potion of berserk rage {unknown}
Comestibles
 c - 17 rations


   Skills:
 + Level 10.9 Fighting
 - Level 12.0 Short Blades
 + Level 9.3 Armour
 + Level 9.5 Dodging
 - Level 4.0 Shields
 - Level 5.0 Evocations


You had 13 spell levels left.
You didn't know any spells.
Your spell library was empty.

Dungeon Overview and Level Annotations

Branches:
Dungeon (10/15)            Temple (0/1) D:6            Lair (6/6) D:8
  Swamp (0/4) Lair:2       Spider (0/4) Lair:3        Slime (0/5) Lair:6
  Sewer (visited)         Ossuary (visited)
    Orc: D:9-12

Altars:
Fedhas
Kikubaaqudgha
Okawaru
Ru
Sif Muna
Trog
Uskayaw
Vehumet
Wu Jian
Zin
The Shining One
Jiyva

Shops:
D:8 (

Annotations:
D:3 3 runed translucent doors, edsrzf's ghost, amateur DgEn
D:5 exclusion: door
Lair:5 exclusion: oklob plant


Innate Abilities, Weirdness & Mutations

You have razor-sharp teeth.
You heal very quickly.
When hurt, damage is shared between your health and your magic reserves.
Your bite disrupts and absorbs the magic of your enemies.
Potions cannot restore your health.
You are immune to rotting.


Message History

The harpy claws you but does no damage. You block the harpy's attack.
You feel yourself speed up.
The harpy screeches!
The merfolk avatar chants its luring song.
The harpy claws you but does no damage. x2
You closely miss the harpy. You bite the harpy.
You kill the harpy!
Trog accepts your kill.
The merfolk avatar chants its luring song.
You block the drowned soul's attack. The drowned soul touches you.
The drowned soul drowns you!
* * * LOW HITPOINT WARNING * * *
The drowned soul touches you. The drowned soul drowns you!
* * * LOW HITPOINT WARNING * * *
The merfolk avatar chants its luring song.
The drowned soul touches you. The drowned soul drowns you!
* * * LOW HITPOINT WARNING * * *
Your unstable footing causes you to fumble your attack.
The drowned soul touches you. The drowned soul drowns you!
You die...

########≈≈≈≈≈.#P....
≈≈≈≈≈≈≈≈≈≈.#≈≈##≈.≈....#
≈≈≈PP≈≈≈≈≈≈#≈≈#.≈≈#P....
≈≈P≈≈≈≈≈≈P≈#≈≈≈≈≈##.....
≈#≈(???≈#≈≈.≈P≈≈.†..P...
≈≈P$≈≈)≈#≈≈.≈≈##.......[
≈≈≈?≈≈$≈≈#≈.≈≈##...†....
≈#≈))W$≈#≈≈.≈≈≈≈≈≈..†...
≈≈≈≈≈≈m@≈≈≈#≈≈≈≈≈≈..P..[
≈≈≈≈≈≈≈≈≈≈≈#≈≈#..##.#...
≈≈P≈≈≈≈≈≈≈8#≈≈##.##....†
###≈≈≈≈#####≈≈≈≈≈#.#...#
≈P≈≈≈≈ #≈≈≈≈....#...
≈≈≈≈88≈ ≈≈.#≈≈#....#
≈≈≈≈≈≈≈ ≈≈##≈.#....#
≈..#≈≈.##≈##≈P≈≈.......#
≈≈≈≈ ≈≈≈≈≈≈P≈≈≈≈....###


You could see a merfolk avatar and a drowned soul.

Vanquished Creatures
  Kirke (Lair:5)
  Josephine (Lair:6)
  A hydra (Lair:2)
  3 death yaks (D:8)
  A fire crab (Lair:6)
  A lindwurm (Lair:5)
  A harpy (Lair:6)
  Maurice (D:9)
  7 elephants
  5 black mambas
  13 spiny frogs
  A torpor snail (Lair:3)
  3 rime drakes (Lair:6)
  15 komodo dragons
  2 polar bears
  2 trolls
  3 hornets
  16 blink frogs
  8 hippogriffs
  A dream sheep (Lair:2)
  4 wraiths (Lair:6)
  3 basilisks
  4 wyverns
  17 yaks
  3 hungry ghosts (D:8)
  15 water moccasins
  7 porcupines
  3 ice beasts
  3 orc warriors
  4 sky beasts
  Purgy (Sewer)
  A swamp drake (Lair:2)
  2 necrophages
  A phantom (D:7)
  4 centaurs
  5 ogres
  A wolf (Lair:3)
  20 crocodiles
  10 bullfrogs
  A gnoll sergeant (D:9)
  2 water moccasin zombies (Ossuary)
  A wyvern skeleton (D:10)
  2 scorpions
  6 killer bees (D:10)
  4 wights (D:8)
  An electric eel (Lair:4)
  7 howler monkeys
  2 crimson imps
  A bullfrog zombie (D:5)
  A centaur zombie (D:8)
  5 hounds
  6 jellies
  3 orc priests
  A bullfrog skeleton (D:6)
  5 centaur skeletons
  12 orc wizards
  Jessica (D:3)
  7 iguanas
  A hell rat (D:8)
  8 worker ants
  3 big kobold zombies (Ossuary)
  A hound skeleton (D:8)
  2 mummies (Ossuary)
  4 gnolls (D:9)
  9 adders
  A howler monkey skeleton (D:6)
  2 river rats (D:8)
  A shadow imp (D:10)
  9 oozes
  3 adder zombies
  3 worms
  4 leopard geckos
  67 orcs
  5 giant cockroaches
  5 gnoll zombies (Ossuary)
  6 goblins
  6 hobgoblins
  9 jackals
  11 kobolds
  7 quokkas
  9 bats
  5 frilled lizards
  2 hobgoblin zombies (Ossuary)
  5 kobold zombies (Ossuary)
  A leopard gecko skeleton (D:4)
  6 orc zombies (Ossuary)
  A quokka skeleton (D:7)
  A quokka zombie (D:7)
  7 rats
466 creatures vanquished.

Vanquished Creatures (collateral kills)
  Rupert (Lair:4)
  2 adders (D:6)
  An adder skeleton (D:6)
4 creatures vanquished.

Vanquished Creatures (others)
  A human (Lair:6)
  A worker ant (D:7)
  8 fungi
  7 plants
17 creatures vanquished.

Grand Total: 487 creatures vanquished

Notes
Turn   | Place    | Note
-------+----------+-------------------------------------------
     0 | D:1      | TheGoonsmith the Vine Stalker Berserker began the quest for
                  | the Orb.
     0 | D:1      | Reached XP level 1. HP: 11/11 MP: 2/2
   255 | D:1      | Reached XP level 2. HP: 11/16 MP: 3/3
   778 | D:2      | Found a radiant altar of Vehumet.
  1021 | D:2      | Reached skill level 3 in Short Blades
  1406 | D:2      | Reached XP level 3. HP: 20/20 MP: 4/4
  1534 | D:3      | Found a runed translucent gate.
  1534 | D:3      | Found a runed translucent gate.
  1534 | D:3      | Found a runed translucent gate.
  1538 | D:3      | Noticed edsrzf's ghost (amateur DgEn)
  1753 | D:3      | Reached ** piety under Trog
  1823 | D:3      | Gained mutation: Your natural rate of healing is unusually
                  | fast. [Vine Stalker growth]
  1823 | D:3      | Reached XP level 4. HP: 14/24 MP: 2/5
  1923 | D:3      | Reached skill level 4 in Short Blades
  1956 | D:3      | Noticed Jessica
  1965 | D:3      | Killed Jessica
  1965 | D:3      | Reached XP level 5. HP: 28/28 MP: 6/6
  2032 | D:3      | Reached skill level 1 in Shields
  2721 | D:4      | Noticed an ogre
  2728 | D:4      | Killed an ogre
  2728 | D:4      | Reached skill level 5 in Short Blades
  2728 | D:4      | Reached XP level 6. HP: 32/32 MP: 7/7
  2813 | D:4      | Found a glowing drain.
  2822 | Sewer    | Entered a sewer
  2841 | Sewer    | Noticed Purgy
  2854 | Sewer    | Killed Purgy
  2854 | Sewer    | Reached *** piety under Trog
  2854 | Sewer    | Reached skill level 6 in Short Blades
  2854 | Sewer    | Reached XP level 7. HP: 36/36 MP: 6/8
  3684 | D:5      | Entered Level 5 of the Dungeon
  3743 | D:5      | Found a shimmering blue altar of Sif Muna.
  3789 | D:5      | Gained mutation: You have razor-sharp teeth. [Vine Stalker
                  | growth]
  3789 | D:5      | Reached XP level 8. HP: 41/42 MP: 9/9
  3853 | D:5      | Found a sand-covered staircase.
  3859 | Ossuary  | Entered an ossuary
  3929 | Ossuary  | Reached skill level 7 in Short Blades
  4006 | Ossuary  | Reached **** piety under Trog
  4122 | D:5      | Found an ancient bone altar of Kikubaaqudgha.
  4124 | D:5      | Found a blossoming altar of Fedhas.
  4851 | D:6      | Found a glowing silver altar of Zin.
  4977 | D:6      | Found an ornate altar of the Wu Jian Council.
  5057 | D:6      | Found a hide-covered altar of Uskayaw.
  5066 | D:6      | Reached skill level 8 in Short Blades
  5414 | D:6      | Found a staircase to the Ecumenical Temple.
  5773 | D:7      | Reached XP level 9. HP: 37/46 MP: 5/10
  6105 | D:7      | Reached skill level 5 in Fighting
  6310 | D:7      | Found a bloodstained altar of Trog.
  6315 | D:7      | Found a glowing golden altar of the Shining One.
  6451 | D:7      | Found a sacrificial altar of Ru.
  6666 | D:8      | Found Imiwk's Antique Weapon Boutique.
  6674 | D:8      | Reached ***** piety under Trog
  6677 | D:8      | Noticed a troll
  6692 | D:8      | Killed a troll
  6692 | D:8      | Reached skill level 9 in Short Blades
  6700 | D:8      | Noticed a death yak
  6700 | D:8      | Noticed a death yak
  6773 | D:8      | Reached XP level 10. HP: 47/53 MP: 11/11
  6793 | D:8      | Found a staircase to the Lair.
  6806 | D:8      | Noticed a death yak
  6813 | D:8      | Killed a death yak
  6813 | D:8      | Reached skill level 10 in Short Blades
  6823 | D:8      | Killed a death yak
  6830 | D:8      | Killed a death yak
  6830 | D:8      | Reached skill level 11 in Short Blades
  7659 | D:9      | Reached skill level 12 in Short Blades
  7718 | D:9      | Reached XP level 11. HP: 56/56 MP: 12/12
  7798 | D:9      | Noticed Maurice
  7813 | D:9      | Killed Maurice
  7813 | D:9      | Reached skill level 1 in Evocations
  7944 | D:10     | Entered Level 10 of the Dungeon
  7991 | D:10     | Found an iron altar of Okawaru.
  8592 | D:10     | Reached skill level 5 in Dodging
  8668 | Lair:1   | Entered Level 1 of the Lair of Beasts
  8695 | Lair:1   | Reached skill level 5 in Armour
  8717 | Lair:1   | Reached ****** piety under Trog
  8922 | Lair:1   | Received a gift from Trog
  9323 | Lair:1   | Gained mutation: You heal very quickly. [Vine Stalker
                  | growth]
  9323 | Lair:1   | Reached XP level 12. HP: 40/63 MP: 16/16
  9937 | Lair:2   | Reached skill level 5 in Evocations
  9953 | Lair:2   | Found a staircase to the Swamp.
 10153 | Lair:2   | Noticed a six-headed hydra
 10161 | Lair:2   | Killed a six-headed hydra
 10905 | Lair:3   | Received a gift from Trog
 10929 | Lair:3   | Reached XP level 13. HP: 65/70 MP: 15/17
 11084 | Lair:3   | Found a hole to the Spider Nest.
 12506 | Lair:4   | Noticed Rupert
 12522 | Lair:4   | Killed Rupert
 12806 | Lair:5   | Reached skill level 10 in Fighting
 13482 | Lair:6   | Entered Level 6 of the Lair of Beasts
 13482 | Lair:6   | Noticed Kirke
 13502 | Lair:5   | Killed Kirke
 13592 | Lair:6   | Noticed Josephine
 13617 | Lair:6   | Killed Josephine
 13656 | Lair:6   | Identified a scroll of acquirement
 13706 | Lair:6   | Found a viscous altar of Jiyva.
 13818 | Lair:6   | Reached XP level 14. HP: 48/77 MP: 18/18
 13833 | Lair:6   | Found a staircase to the Slime Pits.
 13843 | Lair:6   | Received a gift from Trog
 14009 | Lair:6   | HP: 3/77 [drowned by a drowned soul[a merfolk avatar] (6)]
 14010 | Lair:6   | Drowned by a drowned soul

Levels and vault maps discovered:
D:1:      sevenhm_arrival_forest_fort_small_3, layout_loops_ring
D:2:      layout_loops_corners, vehumet_crystals
D:3:      layout_rooms, gammafunk_ghost_split, chequers_serial_rivers_room_b,
          minmay_randomly_rotated_circles, uniq_jessica
D:4:      layout_cave_pools, cheibrodos_sewer_entry_sluice, first_ration
D:5:      layout_gridville, grunt_temple_overflow_growth_and_decay,
          led_sif_book, enter_ossuary_2, minivault_26
D:6:      layout_basic, nicolae_overflow_hidden_temple,
          overflow_temple_1_default, minmay_temple_entry_overgrown, basic_altar
D:7:      layout_gridville, minitemple, kennysheep_little_box,
          lemuel_flame_loot_1
D:8:      layout_loops_cross, dpeg_lair_monsters, serial_shops,
          nicolae_shop_trees
D:9:      layout_rooms, uniq_maurice
D:10:     layout_roguey, basic_altar, special_room [special_room_orc]
Lair:1:   beast_lair_carwin_large_1, layout_hall_layers, grunt_megastairs_1
Lair:2:   layout_misc_corridors, minmay_swamp_entry_reptiles, st_stairs_5,
          minmay_shattered_shrine, serial_bayou_shore_b
Lair:3:   layout_layer_cave, nicolae_spider_entry_non_spiders, st_stairs_12
Lair:4:   layout_roguey, st_stairs_9, infiniplex_staircase_pool, uniq_rupert
Lair:5:   lemuel_slime, layout_cave_pods, chequers_serial_rivers_small_3
Lair:6:   gammafunk_lair_ancient_temple, layout_concentric_octagons,
          slime_altar_1, serial_bayou_shore_b, uniq_kirke, uniq_josephine,
          uniq_snorg

Skill      XL: |  1  2  3  4  5  6  7  8  9 10 11 12 13 |
---------------+----------------------------------------+-----
Fighting       | 3 4 6 7 9 10 | 10.9
Short Blades   | 3 4 5 6 8 9 12 | 12.0
Dodging        | 2 4 5 7 9 |  9.5
Armour         | 2 4 5 7 9 |  9.3
Shields        | 2 3 4 |  4.0
Evocations     | 4 5 |  5.0

Action                   |  1- 3 |  4- 6 |  7- 9 | 10-12 | 13-15 || total
-------------------------+-------+-------+-------+-------+-------++-------
Melee: Short sword       |   114 |   132 |   433 |   891 |   546 ||  2116
       Bite              |    34 |    43 |   151 |   389 |   296 ||   913
       Dagger            |       |       |       |     4 |    45 ||    49
       Quick blade       |       |       |       |       |    24 ||    24
Invok: Berserk           |     2 |     3 |     7 |     3 |     1 ||    16
       Trog's Hand       |       |     1 |     1 |     3 |     3 ||     8
       Brothers in Arms  |       |       |       |       |     1 ||     1
Evoke: Wand              |       |       |       |     9 |       ||     9
  Use: Scroll            |       |    12 |     9 |     5 |     1 ||    27
       Potion            |       |       |       |       |     1 ||     1
 Stab: Sleeping          |     1 |       |       |       |       ||     1
  Eat: Chunk             |     4 |     7 |     9 |    17 |     8 ||    45
       Ration            |       |       |     3 |     1 |     2 ||     6
Armor: Animal skin       |    12 |       |       |       |       ||    12
       Scale mail        |    30 |    17 |       |       |       ||    47
       Chain mail        |       |    47 |   112 |    80 |       ||   239
       Crystal plate arm |       |       |       |    91 |   288 ||   379
Dodge: Dodged            |    48 |    48 |   119 |   227 |   217 ||   659
Block: Buckler           |    21 |    19 |    76 |   142 |   123 ||   381
